 Dungeon Crawl Stone Soup version 0.31.0-11-ge490571c62 (webtiles) character file.

Game seed: 5578760358967884737

56 qw the Shooter (level 3, -1/20 HPs)
             Began as a Deep Elf Hunter on Feb 4, 2024.
             Slain by Terence
             ... wielding a +0 short sword
              (4 damage)
             ... on level 2 of the Dungeon.
             The game lasted 00:00:04 (1159 turns).

qw the Shooter (Deep Elf Hunter)                    Turns: 1159, Time: 00:00:04

Health: -1/20      AC:  3    Str: 10    XL:     3   Next: 71%
Magic:  5/5        EV: 12    Int: 13    God:
Gold:   60         SH:  0    Dex: 18    Spells: 2/2 levels left

rFire   . . .        a - +0 shortbow
rCold   . . .        (shield currently unavailable)
rNeg    . . .        c - +0 leather armour
rPois   .            (no helmet)
rElec   .            (no cloak)
rCorr   .            (no gloves)
SInv    .            (no boots)
Will    .....        (no amulet)
Stlth   ++           (no ring)
HPRegen 0.23/turn    (no ring)
MPRegen 0.09/turn

%: no passive effects
@: no status effects
A: no striking features
a: no special abilities


You were on level 2 of the Dungeon.
You visited 1 branch of the dungeon, and saw 2 of its levels.

You collected 60 gold pieces.


   Skills:
 - Level 1.5 Fighting
 + Level 7.2 Ranged Weapons
 - Level 2.4 Dodging
 - Level 1.2 Stealth


You had 2 spell levels left.
You didn't know any spells.
Your spell library was empty.

Inventory:

Hand Weapons
 a - a +0 shortbow (weapon)
Armour
 c - a +0 leather armour (worn)
Scrolls
 d - 2 scrolls of noise {unknown}
Potions
 b - a potion of attraction {unknown}
 e - a potion of cancellation
 f - a potion of curing {unknown}

Dungeon Overview and Level Annotations

Branches:
Dungeon (2/15)

Altars:

Annotations:
D:2 Terence


Message History

Terence shouts, "DIE!!!"
You shoot an arrow. The arrow hits the ball python!
You kill the ball python!
You shoot an arrow. The arrow barely misses Terence.
You shoot an arrow.
The arrow hits Terence but does no damage.
Terence is lightly wounded.
You shoot an arrow. The arrow hits Terence.
Terence is moderately wounded.
Terence barely misses you.
You shoot an arrow.
The arrow hits Terence but does no damage.
Terence is moderately wounded.
Terence hits you with a +0 short sword.
You shoot an arrow. The arrow hits Terence.
Terence is moderately wounded.
Terence barely misses you.
You shoot an arrow. The arrow hits Terence.
Terence is severely wounded.
Terence barely misses you. x2
You shoot an arrow. The arrow barely misses Terence.
Terence hits you with a +0 short sword.
You shoot an arrow.
The arrow hits Terence but does no damage.
Terence is severely wounded.
Terence bares his teeth.
Terence hits you with a +0 short sword!
You shoot an arrow.
The arrow hits Terence but does no damage.
Terence is severely wounded.
Terence hits you with a +0 short sword.
You shoot an arrow.
The arrow hits Terence but does no damage.
Terence is severely wounded.
Terence hits you with a +0 short sword.
You shoot an arrow. The arrow hits Terence.
Terence is almost dead.
Terence hits you with a +0 short sword.
You die...
Terence says, "Time to find some more victims."

#.# ##.....######
#.# #..#
##>|........ #.#
#..# ##########.
#.# #..# #. #.#
#..# #. #.# #..# #.
#.# #..# #. #.#
#@.# #. #.#
#######@.# #. #.#
.........# #.
#.##############.##
#.
#................#
#.
##################
#. #. ##


You could see Terence.

Vanquished Creatures
  An adder (D:2)
  A dart slug (D:1)
  6 ball pythons
  4 bats (D:1)
  5 endoplasms
  A giant cockroach (D:1)
  6 goblins
  6 jackals (D:1)
  5 kobolds (D:1)
  A quokka (D:1)
  A frilled lizard (D:2)
  2 rats (D:1)
39 creatures vanquished.

Notes
Turn   | Place    | Note
-------+----------+-------------------------------------------
     0 | D:1      | qw the Deep Elf Hunter began the quest for the Orb.
     0 | D:1      | Reached XP level 1. HP: 12/12 MP: 3/3
     0 | D:1      | 0 ||| qw: Version: 0.3-a-160-g6735b56
     0 | D:1      | 0 ||| qw: Game counter: 5389
     0 | D:1      | 0 ||| qw: Melee chars always use a shield: true
     0 | D:1      | 0 ||| qw: God list: Okawaru
     0 | D:1      | 0 ||| qw: Allow faded altars: false
     0 | D:1      | 0 ||| qw: Do Orc after clearing Dungeon:15 true
     0 | D:1      | 0 ||| qw: Do second Lair branch before Depths: true
     0 | D:1      | 0 ||| qw: Lair rune preference: random
     0 | D:1      | 0 ||| qw: Goals: Normal
     0 | D:1      | 0 ||| PLANNING D:1-11
    80 | D:1      | Reached XP level 2. HP: 16/16 MP: 4/4
   107 | D:1      | Reached skill level 6 in Ranged Weapons
   298 | D:1      | Found a faded altar of an unknown god.
   317 | D:1      | Reached XP level 3. HP: 20/20 MP: 5/5
   598 | D:1      | 598 ||| READING scroll labelled LADOUME MAUMM.
   599 | D:1      | 599 ||| READING 2 scrolls labelled UFFIOHIROM.
   603 | D:1      | 603 ||| READING scroll labelled PISTRU PUVEDEGU.
   603 | D:1      | 603 ||| ENCHANTING +0 shortbow.
   604 | D:1      | 604 ||| DRINKING 2 ruby potions.
   605 | D:1      | 605 ||| DRINKING 2 glowing white potions.
   606 | D:1      | 606 ||| DROPPING scroll of butterflies.
   698 | D:2      | Noticed Terence
   712 | D:2      | HP: 5/20 [Terence/+0 short sword (4)]
   713 | D:2      | 713 ||| READING scroll of teleportation.
   714 | D:2      | 714 ||| DRINKING potion of heal wounds.
   835 | D:2      | Reached skill level 7 in Ranged Weapons
  1157 | D:2      | HP: 4/20 [Terence/+0 short sword (2)]
  1159 | D:2      | Slain by Terence

Levels and vault maps discovered:
D:1:      lemuel_arrival_broad_hall, layout_loops_ring, basic_ecumenical_altar,
          minmay_tiny_reverse_x
D:2:      layout_basic, uniq_terence

Skill      XL: |  1  2  3 |
---------------+----------+-----
Ranged Weapons | 6 7 |  7.2
Fighting       | |  1.5
Dodging        | |  2.4
Stealth        | |  1.2

Action                     || total
---------------------------++-------
   Fire: Shortbow          ||   115
    Use: Scroll            ||     4
         Potion            ||     3
 Armour: Leather armour    ||    27
  Dodge: Dodged            ||    29

Table legend:
 A = Non-vault XP
 B = Vault XP
 C = Vault XP percentage of total XP
 D = Non-vault monster count
 E = Vault monster count
 F = Vault count percentage of total count
                 A         B        C        D         E       F
            +---------+---------+-------+---------+---------+-------
      Total |      78 |       3 |   3.7 |      37 |       2 |   5.1
            +---------+---------+-------+---------+---------+-------
        D:1 |      55 |       3 |   5.2 |      30 |       2 |   6.2
        D:2 |      23 |       0 |   0.0 |       7 |       0 |   0.0
            +---------+---------+-------+---------+---------+-------
